AoeStats
← 意大利狙神

Highland

504764667Analyzed
2v2 RM · 26d ago on Sep 6, 2026· 57m 14s· 4 players
Game mode
Random Map
Map size
Medium (4 player)
Population
200
Speed
Normal
Resources
Standard
Victory
Conquest
Starting age
Dark Age
Ending age
Imperial Age
RankedLock teamsTeams togetherTeam positionsShared explorationLock speedFull tech treeHidden civsTurbo modeCheats
Victory
Defeat
🇲🇽 Mongols · Mexico
1104
+13
🇲🇽 Magyars · Mexico
1078
+13
🇨🇳 Aztecs · China
1027
-13
🇨🇳 Vietnamese · China
1026
-13
Yi long Ma
8:33 Loom
11:18 Feudal Age
12:09 Double-Bit Axe
14:43 Wheelbarrow
17:50 Castle Age
17:32 Scale Barding Armor
18:06 Light Cavalry
19:21 Bow Saw
24:32 Bloodlines
32:45 Chain Barding Armor
38:48 Horse Collar
39:29 Fletching
40:06 Husbandry
45:59 Imperial Age
45:43 Hand Cart
46:02 Corvinian Army
48:02 Conscription
48:43 Plate Barding Armor
49:11 Chemistry
48:21 Gold Mining
48:33 Caravan
49:13 Elite Magyar Huszar
51:25 Town Watch
53:19 Onager
54:39 Elite Skirmisher
55:39 Siege Engineers
56:21 Elite Skirmisher
Profesor_Caos
6:55 Loom
9:37 Feudal Age
11:28 Double-Bit Axe
11:24 Horse Collar
16:51 Castle Age
17:39 Fletching
20:03 Heavy Plow
20:45 Bow Saw
22:03 Padded Archer Armor
22:24 Bodkin Arrow
26:03 Husbandry
27:59 Ballistics
28:41 Thumb Ring
29:07 Bloodlines
29:22 Gold Mining
32:10 Wheelbarrow
31:56 Town Watch
32:36 Stone Mining
33:24 Gold Shaft Mining
33:39 Light Cavalry
37:08 Imperial Age
36:12 Leather Archer Armor
37:20 Stone Shaft Mining
37:13 Capped Ram
38:20 Drill
38:21 Conscription
38:28 Hand Cart
38:14 Town Patrol
38:43 Siege Ram
41:17 Parthian Tactics
40:14 Heavy Cavalry Archer
42:18 Chemistry
41:35 Masonry
42:10 Bracer
43:09 Murder Holes
44:40 Hussar
45:28 Scale Barding Armor
47:18 Forging
47:28 Chain Barding Armor
50:46 Coinage
50:16 Caravan
50:21 Onager
52:21 Hoardings
52:12 Elite Mangudai
意大利狙神
11:23 Feudal Age
11:54 Double-Bit Axe
15:23 Man-at-Arms
20:29 Castle Age
19:15 Forging
21:24 Elite Skirmisher
23:56 Horse Collar
25:13 Heavy Plow
25:29 Bow Saw
32:45 Pikeman
蒜苔恶魔
11:04 Feudal Age
11:31 Double-Bit Axe
11:27 Horse Collar
14:02 Loom
18:11 Loom
21:53 Castle Age
20:24 Gold Mining
21:02 Fletching
22:05 Padded Archer Armor
22:18 Forging
23:49 Bow Saw
23:42 Elite Skirmisher
24:20 Bodkin Arrow
24:08 Pikeman
27:01 Wheelbarrow
26:11 Town Watch
27:01 Wheelbarrow
26:35 Heavy Plow
31:39 Stone Mining
32:27 Iron Casting
31:55 Squires
34:51 Imperial Age
33:14 Hand Cart
34:53 Halberdier
36:18 Stone Shaft Mining
36:44 Two-Man Saw
36:15 Crop Rotation
36:03 Imperial Skirmisher
36:47 Padded Archer Armor
37:25 Bracer
38:07 Thumb Ring
38:46 Ballistics
40:51 Treadmill Crane
42:12 Chemistry
41:29 Leather Archer Armor
41:14 Scale Mail Armor
43:29 Paper Money
42:31 Elite Rattan Archer
44:10 Chain Mail Armor
47:05 Ring Archer Armor
47:05 Plate Mail Armor
46:40 Scale Barding Armor
46:41 Husbandry
46:43 Chatras
48:52 Bloodlines
Connection lost

Rejoining the realm…

Still unreachable

The connection could not be restored.

Session expired

The server has moved on; the page needs a fresh start.